[Event "Late-Titled-Tuesday-Blitz-September-19-2023"]
[Site "Chess.com"]
[Date "2023.09.19"]
[Round "5"]
[White "dzilleruelo"]
[Black "IMRosen"]
[Result "0-1"]
[WhiteElo "2330"]
[BlackElo "2574"]
[TimeControl "180+1"]
[EndTime "14:54:59 PDT"]
[Termination "IMRosen won by resignation"]

1. e4 e5 2. Nf3 Nf6 3. Nxe5 Nc6 4.
Nxc6 dxc6 5. e5 Nd5 6. d4 c5 7.
Be2 Bf5 8. c3 Be7 9. O-O O-O 10.
Bf3 c6 11. a3 Qb6 12. dxc5 Qxc5 13. Qe2 Rfd8 14. Nd2 Nf4 15. Qe3 Qxe3 16. fxe3 Nd3 17. Ne4 Nxe5 18. Ng3 Bd3 19. Re1 Bc5 20. Kf2 a5 21.
Be4 Bxe4 22. Nxe4 Nd3+ 23. Kf1 Nxe1 24. Kxe1 Be7 25. Ke2 f5 26. Nf2 a4 27. Bd2 Rd7 28.
Rf1 Rad8 29. Bc1 g6 30. h3 Bc5 31. g4 Rf7 32. g5 Re7 33. Nd3 Bb6 34. c4 Re4 35. c5 Bc7 36. Bd2 Rh4 37. Rf3 Re4 38. Bc3 Rde8 39. Kd2 b6 40. Bd4 b5 41. Kc3 Ba5+ 42.
Kc2 Bd8 43. Rg3 Bc7 44. Rf3 Rd8 45. Kc3 Kf7 46. Kc2 Ke6 47. Nb4 Kd7 48. Bf6 Rde8 49. Rf2 Rc4+ 50. Kb1 Rxc5 51. Bd4 Rc4 52. Rd2 Kc8 53.
Na6 Be5 54. Bc5 Rd8 55. Rxd8+ Kxd8 56. Bb6+ Ke8 57. Nc5 Rh4 58. Ne6 Rxh3 59. Kc2 Ke7 60. Kd3 Kxe6 0-1

[Event "Late-Titled-Tuesday-Blitz-September-19-2023"]
[Site "Chess.com"]
[Date "2023.09.19"]
[Round "5"]
[White "DanielDardha2005"]
[Black "Njal28"]
[Result "0-1"]
[WhiteElo "2914"]
[BlackElo "3112"]
[TimeControl "180+1"]
[EndTime "14:55:01 PDT"]
[Termination "Njal28 won on time"]

1. d4 Nf6 2. Bg5 d5 3. e3 c5 4.
Bxf6 gxf6 5. dxc5 e6 6. Nf3 Bxc5 7. Be2 O-O 8. O-O Be7 9. Nbd2 Nc6 10. a3 f5 11. b4 Bf6 12. Rb1 a5 13. b5 Ne5 14.
Nd4 Qe7 15. f4 Nd7 16. Bd3 Kh8 17. Ra1 Rg8 18. N2f3 Rg7 19. Ra2 Qd6 20. Qe1 Nc5 21.
a4 Bd7 22. Qc3 b6 23. Qe1 Rag8 24. g3 Rc8 25. Rf2 h6 26. Rg2 Ne4 27. Qa1 Kh7 28.
Ra3 Kh8 29. Rb3 Nc5 30. Rc3 Rc7 31. Qa3 Be7 32. Qa1 Bf6 33. Qa3 Rg8 34. h3 Rgc8 35. g4 fxg4 36. hxg4 Nb7 37. Rb3 Qxa3 38. Rxa3 Kg7 39.
Ra1 Nc5 40. g5 hxg5 41. fxg5 Bxd4 42. exd4 Nxd3 43. cxd3 Rc1+ 44. Rxc1 Rxc1+ 45. Kh2 Ra1 46. Ne5 Be8 47. Rc2 Rxa4 48. Rc8 Bxb5 49. Rb8 Rxd4 50. Rxb6 Bxd3 51. Rb7 Bg6 52. Kg3 a4 53. Nd7 a3 54. Nf6 Ra4 55. Rb8 Bh7 56. Ne8+ Kg6 0-1

[Event "Late-Titled-Tuesday-Blitz-September-19-2023"]
[Site "Chess.com"]
[Date "2023.09.19"]
[Round "5"]
[White "GoldenShare"]
[Black "MikaelyanArman"]
[Result "0-1"]
[WhiteElo "2594"]
[BlackElo "2873"]
[TimeControl "180+1"]
[EndTime "14:55:01 PDT"]
[Termination "MikaelyanArman won by resignation"]

1. e4 e5 2. Nf3 Nc6 3. Bc4 Bc5 4. O-O d6 5. c3 Bb6 6. h3 Nf6 7. Re1 O-O 8. d4 exd4 9. cxd4 Nxe4 10. Rxe4 d5 11. Bxd5 Qxd5 12. Nc3 Qd8 13. d5 Bf5 14.
Rf4 Ne7 15. Nd4 Bg6 16. Nf3 Qd6 17. Rg4 Rad8 18. Bf4 Qc5 19. Be3 Qd6 20. Bxb6 axb6 21. Rd4 Qf6 22. Rc1 Nf5 23. Rd2 Nd6 24. Re2 Rfe8 25. Qf1 h6 26. Rce1 Rxe2 27. Qxe2 Bh5 28. g4 Bg6 29. Ne5 Re8 30. Nd7 Qd8 31. Ne5 f6 32.
Nxg6 Rxe2 33. Rxe2 Kh7 34. Nf4 Nf7 35. Ne6 Qd6 36.
f4 c6 37. f5 Ne5 38. Ne4 Qxd5 39. Nf8+ Kg8 40. Ng6 Qd1+ 41. Kf2 Qd4+ 42. Kg2 Qd3 43. Kf2 Qxh3 44. Nxe5 fxe5 45. Ng3 Qxg4 46. Kg2 h5 47. Re4 Qg5 48. Kh3 Kh7 49. Rh4 Kh6 50.
Re4 b5 51. Rh4 g6 52. Re4 gxf5 53. Rh4 f4 54. Ne4 Qf5+ 0-1

[Event "Late-Titled-Tuesday-Blitz-September-19-2023"]
[Site "Chess.com"]
[Date "2023.09.19"]
[Round "5"]
[White "Tomytoteph"]
[Black "Zhigalko_Sergei"]
[Result "0-1"]
[WhiteElo "2578"]
[BlackElo "2836"]
[TimeControl "180+1"]
[EndTime "14:55:02 PDT"]
[Termination "Zhigalko_Sergei won by checkmate"]

1. e4 c5 2. Nf3 Nc6 3. Bb5 Nf6 4. Nc3 Qc7 5. O-O Nd4 6. Bc4 e6 7. Re1 a6 8. a4 d6 9. d3 Be7 10. Be3 Nc6 11. h3 O-O 12. Qe2 b6 13. Rad1 Bb7 14. Ba2 Rac8 15. Nh2 Nb4 16. Bb1 d5 17. exd5 Nbxd5 18.
Nxd5 Nxd5 19. Bc1 Nf4 20. Bxf4 Qxf4 21. a5 b5 22. c3 Rfd8 23. Ng4 Bd6 24. d4 h5 25. Ne5 Qg5 26. g3 cxd4 27. cxd4 Bxe5 28. dxe5 h4 29. g4 g6 30. Rd6 Qf4 31. Red1 Rxd6 32. exd6 Bd5 33. d7 Rf8 34. Qe3 Qd6 35. Be4 Qxd7 36.
Bxd5 exd5 37. Qg5 Rd8 38. Qxh4 d4 39. Qg3 d3 40. Rd2 Qd4 41. Qe3 Qc4 42. Kg2 b4 43.
Qg5 Rd5 44. Qe3 b3 45. h4 Qxg4+ 46. Kf1 Qf5 47. Qe8+ Kg7 48. Qe3 Kf6 49. h5 Qe5 50. Qf3+ Kg7 51. hxg6 fxg6 52. Qh3 Qf5 53. Qe3 Kf7 54.
Qa7+ Rd7 55. Qb6 Qd5 56. Qe3 Qh1# 0-1

[Event "Late-Titled-Tuesday-Blitz-September-19-2023"]
[Site "Chess.com"]
[Date "2023.09.19"]
[Round "5"]
[White "SaqoChess_Twitch"]
[Black "Nathan_Filgueiras"]
[Result "1/2-1/2"]
[WhiteElo "2665"]
[BlackElo "2515"]
[TimeControl "180+1"]
[EndTime "14:55:07 PDT"]
[Termination "Game drawn - insufficient material"]

1. d4 Nf6 2. c4 e6 3. Nc3 Bb4 4.
e3 O-O 5. a3 Bxc3+ 6. bxc3 c5 7. Bd3 Nc6 8. Ne2 b6 9. O-O Ba6 10. e4 Ne8 11. f4 f5 12. exf5 exf5 13. dxc5 bxc5 14. Ng3 g6 15. Be3 Qa5 16. Qc2 Nd6 17. Rfd1 Rae8 18. Bf2 Rf7 19. Nf1 Nxc4 20. Bxc4 Bxc4 21.
Ne3 Be6 22. Nd5 d6 23. c4 Nd4 24. Bxd4 cxd4 25. Rxd4 Qc5 26. Qf2 Bxd5 27. Rxd5 Qxc4 28. Rxd6 Rfe7 29. Rd2 a5 30. h3 Re2 31. Rxe2 Rxe2 32.
Qb6 Qe4 33. Qb8+ Kg7 34. Qe5+ Qxe5 35. fxe5 Rxe5 36. Rb1 h5 37. Rb7+ Kh6 38. Ra7 Kg5 39. Ra6 h4 40. Kh2 Rc5 41. a4 f4 42. Rd6 Kf5 43.
Rb6 g5 44. Kg1 Ke4 45. Kf2 Rc2+ 46. Kg1 Ra2 47. Rb5 Rxa4 48. Rxg5 Ra2 49. Rg4 a4 50.
Rxh4 Ke3 51. Rh8 a3 52. Re8+ Kd3 53. Ra8 Kc3 54. h4 Kb2 55. h5 Ra1+ 56. Kh2 Rc1 57. Rb8+ Ka1 58. Kh3 a2 59. Kg4 Rb1 60. Ra8 Kb2 61.
Kxf4 Rh1 62. g4 a1=Q 63. Rxa1 Kxa1 64. Kg5 Kb2 65. Kg6 Kc3 66. h6 Kd4 67. Kg7 Ke5 68. h7 Kf4 69. h8=Q Rxh8 70. Kxh8 Kxg4 1/2-1/2

[Event "Late-Titled-Tuesday-Blitz-September-19-2023"]
[Site "Chess.com"]
[Date "2023.09.19"]
[Round "5"]
[White "gunslinger222"]
[Black "UGgm_Manuel"]
[Result "0-1"]
[WhiteElo "2383"]
[BlackElo "2318"]
[TimeControl "180+1"]
[EndTime "14:55:07 PDT"]
[Termination "UGgm_Manuel won on time"]

1. d4 Nf6 2. c4 g6 3. Nc3 Bg7 4. e4 d6 5. Nge2 O-O 6. Ng3 e5 7. d5 c6 8. Be2 cxd5 9. cxd5 Nbd7 10. h4 h5 11. Bg5 Qa5 12. O-O a6 13. a3 b5 14. b4 Qb6 15. Qd2 Re8 16. Rfc1 Nf8 17. a4 bxa4 18. Nxa4 Qb8 19. Be3 Bd7 20. Nb6 Ra7 21.
Nxd7 Rxd7 22. Rxa6 Rb7 23. b5 Ng4 24. Bxg4 hxg4 25. Qe2 Rxb5 26. Qxg4 Rb4 27. Qe2 Rb2 28. Rc2 Rb1+ 29. Kh2 Qd8 30. Qg4 Nd7 31. Rxd6 Nf6 32. Rxd8 Nxg4+ 33. Kh3 Nxf2+ 34. Bxf2 Rxd8 35. Rd2 Bf8 36. Kg4 Rb4 37. h5 f5+ 38. Kg5 f4 39. Ne2 gxh5 40.
Nc3 Rc4 41. Rd3 Rdc8 42. Nb5 Rc2 43. Bh4 Rxg2+ 44. Kf5 Rg4 45. Bf6 Bg7 46. Bxe5 Rf8+ 47. Ke6 Re8+ 48. Kd7 Rxe5 0-1

[Event "Late-Titled-Tuesday-Blitz-September-19-2023"]
[Site "Chess.com"]
[Date "2023.09.19"]
[Round "5"]
[White "MessiKingdom"]
[Black "artin10862"]
[Result "0-1"]
[WhiteElo "2628"]
[BlackElo "2918"]
[TimeControl "180+1"]
[EndTime "14:55:08 PDT"]
[Termination "artin10862 won by resignation"]

1. d4 g6 2. Bf4 Bg7 3. Nc3 d6 4. e4 a6 5. Nf3 b5 6. Bd3 Nd7 7. e5 Bb7 8. Qe2 Bxf3 9. gxf3 e6 10. exd6 cxd6 11. Ne4 d5 12. Nd6+ Kf8 13. O-O-O Bh6 14.
Bxh6+ Nxh6 15. Qe3 Kg7 16. Nb7 Qc7 17. Nc5 Nxc5 18. dxc5 Rhc8 19. Qd4+ Kg8 20. Qh4 Kg7 21. Qd4+ f6 22. Rhe1 Qc6 23. h4 e5 24. Qe3 Qxc5 25.
Qd2 Nf7 26. h5 g5 27. h6+ Kh8 28. Bf5 Nd6 29. Bxc8 Rxc8 30. Qc3 Qxc3 31. bxc3 Rc5 32. Rd3 Nc8 33. Red1 Nb6 34. Kd2 Kg8 35. Ke2 Kf7 36. Kd2 Kg6 37. Rh1 Rc4 38. Ke2 Ra4 39. Kd2 Rxa2 40. Rd1 Kxh6 41. Ke1 Kg6 42. R1d2 Nc4 43. Rd1 Nb6 44. Re3 Rxc2 45. Re2 Rxc3 46. Ra2 d4 47. Rxa6 Nc4 48. Rb1 Na3 49. Rb2 Rxf3 50. Ke2 Rh3 51. f3 Rh2+ 0-1

[Event "Late-Titled-Tuesday-Blitz-September-19-2023"]
[Site "Chess.com"]
[Date "2023.09.19"]
[Round "5"]
[White "karinachess1"]
[Black "SergioMoralesG"]
[Result "0-1"]
[WhiteElo "2599"]
[BlackElo "2449"]
[TimeControl "180+1"]
[EndTime "14:55:13 PDT"]
[Termination "SergioMoralesG won on time"]

1. d4 d5 2. c4 c6 3. Nf3 Nf6 4.
g3 Bf5 5. Qb3 Qb6 6. Nc3 e6 7. c5 Qc7 8. Bf4 Qc8 9. Nh4 Be4 10.
f3 Bg6 11. Nxg6 hxg6 12. e4 Nh5 13. Bxb8 Rxb8 14. Bg2 Be7 15. Qc2 Nf6 16. e5 Nd7 17. O-O b6 18. b4 Qa6 19. b5 Qc8 20. cxb6 Nxb6 21. a4 cxb5 22. axb5 Qc4 23. Qb2 Qxd4+ 24.
Kh1 Nc4 25. Qc1 Ne3 26. Ne2 Qb6 27. Rg1 Nxg2 28. Rxg2 O-O 29. Rb1 Rfc8 30. Qb2 a6 31. Nd4 Bc5 32. Nc6 Rb7 33. Rc2 axb5 34. Nb4 Rbc7 35.
Nd3 Be7 36. Rxc7 Rxc7 37. Qxb5 Qxb5 38. Rxb5 Rc3 39. Rb8+ Kh7 40. Nf4 Rxf3 41. Rb7 Bg5 42. Nh3 Bh6 43. Kg2 Rf5 44. g4 Rxe5 45. Rxf7 Bg5 46.
Kf2 d4 47. Rd7 Be3+ 48. Kf3 Kh6 49. Rd6 Bg5 50. Rxd4 Re3+ 51. Kg2 Re2+ 52. Kg3 Re3+ 53. Kg2 Rc3 54. Rd6 Re3 55. Rc6 e5 56. Re6 Bf6 0-1

[Event "Late-Titled-Tuesday-Blitz-September-19-2023"]
[Site "Chess.com"]
[Date "2023.09.19"]
[Round "5"]
[White "Heinza9"]
[Black "cukus"]
[Result "1-0"]
[WhiteElo "2310"]
[BlackElo "2391"]
[TimeControl "180+1"]
[EndTime "14:55:14 PDT"]
[Termination "Heinza9 won on time"]

1. e4 c5 2. Nf3 Nc6 3. Bb5 g6 4. c3 Nf6 5. e5 Nd5 6. O-O Nc7 7. a4 Bg7 8. d4 O-O 9. Bxc6 dxc6 10. dxc5 Bg4 11.
Bf4 Nd5 12. Bg3 Qc8 13. Nbd2 Qf5 14. Qe2 Rad8 15. Rfe1 Nf4 16. Bxf4 Qxf4 17. Qe4 Bh6 18. Qxf4 Bxf4 19. Re4 g5 20. Nc4 Bf5 21. Ree1 Be6 22. Ne3 Bc8 23. h3 h5 24. Nc2 Rd5 25. Nb4 Rxc5 26.
Nd3 Rd5 27. Nxf4 gxf4 28. Re4 f5 29. Rxf4 e6 30. Rd4 f4 31. Rad1 b6 32. c4 Rxd4 33.
Rxd4 Kf7 34. Rxf4+ Ke7 35. Rxf8 Kxf8 36. Kf1 c5 37. Ke2 Bb7 38. Ke3 Kg7 39. g3 Kg6 40. g4 Kh6 41. Kf4 Kg6 42. Nh4+ Kh6 43. g5+ Kg7 44. f3 Bc8 45. Ng2 a6 46. h4 Bd7 47. b3 b5 48. axb5 axb5 49. cxb5 Bxb5 50. Ne3 Bd3 51. Nc4 Bc2 52. Nd2 Kg6 53. Ke3 Kf5 54.
f4 Kg4 55. Ne4 Kf5 56. Nxc5 Kg4 57. b4 Kxh4 58. b5 Kg4 59. b6 1-0

[Event "Late-Titled-Tuesday-Blitz-September-19-2023"]
[Site "Chess.com"]
[Date "2023.09.19"]
[Round "5"]
[White "dropstoneDP"]
[Black "Arystanner"]
[Result "1-0"]
[WhiteElo "3037"]
[BlackElo "2799"]
[TimeControl "180+1"]
[EndTime "14:55:18 PDT"]
[Termination "dropstoneDP won by resignation"]

1. e4 c5 2. Nf3 Nc6 3. Bb5 g6 4. O-O Bg7 5. Re1 e5 6. Bxc6 dxc6 7. a4 Nf6 8. Nxe5 O-O 9. d3 Re8 10. Nc4 Be6 11. Nbd2 b5 12. Ne3 c4 13. axb5 cxd3 14. bxc6 Rc8 15. Nf3 Nxe4 16. cxd3 Nc5 17. d4 Nb3 18.
Rxa7 Nxd4 19. Nxd4 Bxd4 20. Ra3 Bxe3 21. Raxe3 Qxd1 22. Rxd1 Rxc6 23. Ree1 h5 24. Bd2 Rb8 25. Bc3 Rbc8 26. Re3 Kh7 27. h3 R6c7 28. Kh2 Rc6 29. Rd4 R6c7 30. g4 Rc4 31. gxh5 gxh5 32. Rd1 Rg8 33.
Ra1 Rc5 34. Ra7 Rcg5 35. Rg3 Rxg3 36. fxg3 Rd8 37. Ra4 Rd1 38. Kg2 Rc1 39. h4 Kg6 40. Ra5 f6 41. Kf2 Bg4 42. Ra6 Rc2+ 43. Ke3 Re2+ 44.
Kd4 Rg2 45. Kc5 Rxg3 46. Rxf6+ Kh7 47. Rf4 Rh3 48. Bf6 Kg6 49. b4 Bf5 50. Bd4 Bg4 51. Bf2 Rf3 52. Rxf3 Bxf3 53. b5 Kf5 54. Kd6 Kf6 55.
b6 Kf7 56. Kc7 Ke6 57. b7 Bxb7 58. Kxb7 1-0

[Event "Late-Titled-Tuesday-Blitz-September-19-2023"]
[Site "Chess.com"]
[Date "2023.09.19"]
[Round "5"]
[White "valemava"]
[Black "Laico"]
[Result "0-1"]
[WhiteElo "2278"]
[BlackElo "2388"]
[TimeControl "180+1"]
[EndTime "14:55:21 PDT"]
[Termination "Laico won by checkmate"]

1. e4 e6 2. b3 d5 3. Bb2 Nf6 4.
e5 Nfd7 5. h4 c5 6. h5 h6 7. g4 Nc6 8. f4 Be7 9. Nf3 b6 10. Bg2 Bb7 11. Nc3 a6 12. Qe2 Qc7 13. O-O-O O-O-O 14. Kb1 Kb8 15. d4 Rc8 16. Na4 cxd4 17.
Nxd4 b5 18. Nxc6+ Qxc6 19. Nc3 Bb4 20. Rh3 Rc7 21. a3 Ba5 22. b4 Bb6 23. Na2 Rhc8 24. Rc3 Nc5 25. bxc5 Bxc5 26. Nb4 Qb6 27. Nd3 Be7 28.
Rxc7 Rxc7 29. Rc1 Qa5 30. Qe1 Qa4 31. Nb4 a5 32. Na2 Bxa3 33. Bxa3 Qxa3 34. Qe2 Rc4 35.
Qd3 Qa4 36. Qb3 Rxf4 37. Qxa4 Rxa4 38. Bf3 Rf4 39. Be2 b4 40. Rg1 Re4 41. Bd3 Rxe5 42.
Nc1 Rg5 43. Rf1 f6 44. Be2 e5 45. Nb3 a4 46. Nc5 Bc8 47. Nxa4 Bxg4 48. Bb5 Bxh5 49.
Nc5 e4 50. Ne6 Rg2 51. Nf4 Rh2 52. Nxd5 Be2 53. Bxe2 Rxe2 54. Nxb4 Kc7 55. Kc1 Kd6 56. Kd1 Rh2 57. Na2 Ke5 58. Nc3 f5 59. Ne2 g5 60. c3 f4 61. Nd4 Ra2 62. Nc2 e3 63. Re1 Ke4 64. Kc1 Rxc2+ 65. Kxc2 f3 66. c4 f2 67. Ra1 e2 68. c5 e1=Q 69. Ra4+ Kd5 70.
Ra3 Kxc5 71. Rc3+ Qxc3+ 72. Kxc3 f1=Q 73. Kd2 g4 74. Ke3 g3 75. Ke4 g2 76. Ke5 g1=Q 77.
Ke6 Qe2+ 78. Kd7 Qg7+ 79. Kc8 Qe8# 0-1

[Event "Late-Titled-Tuesday-Blitz-September-19-2023"]
[Site "Chess.com"]
[Date "2023.09.19"]
[Round "5"]
[White "MathiasWomacka"]
[Black "Taran2004"]
[Result "0-1"]
[WhiteElo "2548"]
[BlackElo "2442"]
[TimeControl "180+1"]
[EndTime "14:55:22 PDT"]
[Termination "Taran2004 won by checkmate"]

1. e4 c6 2. d4 d5 3. Nd2 dxe4 4. Nxe4 Nf6 5. Nxf6+ exf6 6. Bc4 Bf5 7. Bf4 Nd7 8.
Qe2+ Be7 9. Bd6 Nb6 10. Bxe7 Qxe7 11. Qxe7+ Kxe7 12. Bb3 Rhe8 13. O-O-O a5 14. a4 Rad8 15. c3 Kf8 16. h4 Be4 17. f3 Bd5 18. Bc2 h6 19.
Nh3 Nc4 20. Rde1 Ne3 21. Nf4 g5 22. hxg5 fxg5 23. Nxd5 Nxd5 24. Rxe8+ Rxe8 25. Rxh6 Re2 26. g4 Kg7 27. Rd6 Ne3 28. Bd3 Rf2 29. Rd7 Rxf3 30.
Rxb7 Nxg4 31. Be2 Rf4 32. Kd2 Nf6 33. b4 axb4 34. Rxb4 Rf5 35. Rb6 Ra5 36. Ra6 Rf5 37.
Rxc6 g4 38. Ke3 g3 39. Bf3 Nd5+ 40. Bxd5 Rxd5 41. Kf3 Ra5 42. Kxg3 Rxa4 43. d5 Kf8 44. Kf3 Ke7 45. c4 Ra3+ 46. Ke4 Ra1 47. Kd4 Rd1+ 48. Kc5 f5 49. Rc7+ Ke8 50. Kd6 f4 51. c5 f3 52. Rc8+ Kf7 53. Rc7+ Ke8 54. Rd7 f2 55.
Re7+ Kf8 56. c6 f1=Q 57. c7 Qf6+ 58. Re6 Qf4+ 59. Kd7 Rc1 60. d6 Qf5 61. c8=Q+ Rxc8 62. Kxc8 Qxe6+ 63. d7 Ke7 64. Kb7 Qxd7+ 65. Kb6 Kd6 66. Ka5 Qc7+ 67. Ka4 Qc6+ 68. Kb3 Qc5 69. Kb2 Qc4 70. Ka3 Qb5 71. Ka2 Qb4 72. Ka1 Kd5 73. Ka2 Kd4 74. Ka1 Kc3 75. Ka2 Qb2# 0-1

[Event "Late-Titled-Tuesday-Blitz-September-19-2023"]
[Site "Chess.com"]
[Date "2023.09.19"]
[Round "5"]
[White "AlexNovitz"]
[Black "gabduschew"]
[Result "1-0"]
[WhiteElo "2253"]
[BlackElo "2354"]
[TimeControl "180+1"]
[EndTime "14:55:23 PDT"]
[Termination "AlexNovitz won on time"]

1. e4 g6 2. d4 Bg7 3. Nc3 c6 4. Be3 d5 5. e5 h5 6. f4 Nh6 7. h3 Nf5 8. Bf2 Qb6 9. Na4 Qa5+ 10. c3 Na6 11. Bxa6 Qxa6 12. Nc5 Qb5 13. Qd2 a5 14. a4 Qb6 15. Nf3 Qc7 16. O-O b6 17. Nd3 Ba6 18.
Rfe1 e6 19. b4 Bc4 20. g4 hxg4 21. hxg4 Ne7 22. Ng5 Bh6 23. Kg2 Bxg5 24. fxg5 Nc8 25. Nb2 Qd8 26. Rh1 Rf8 27. Qf4 b5 28. Nxc4 dxc4 29.
axb5 Qd5+ 30. Qf3 a4 31. Ra3 Nb6 32. bxc6 Ke7 33. Rb1 Rfc8 34. Qxd5 exd5 35. b5 Ra5 36. Be1 Rh8 37. Bd2 Kd8 38. Rf1 Ke7 39. Bc1 Rxb5 40. Ra2 Rb3 41. Ba3+ Ke8 42. c7 Rh7 43. Bc5 Nc8 44.
Rxa4 Kd7 45. Ra8 Kxc7 46. e6 fxe6 47. Rf8 Rb8 48. Ra7+ Rb7 49. Rxb7+ Kxb7 50. Re8 Rf7 51. Rxe6 Rg7 52. Kg3 Kc7 53. Kf4 Kd7 54. Ke5 1-0

[Event "Late-Titled-Tuesday-Blitz-September-19-2023"]
[Site "Chess.com"]
[Date "2023.09.19"]
[Round "5"]
[White "FrancescoSorcinelli"]
[Black "schachlana"]
[Result "0-1"]
[WhiteElo "2116"]
[BlackElo "2344"]
[TimeControl "180+1"]
[EndTime "14:55:24 PDT"]
[Termination "schachlana won by resignation"]

1. Nf3 Nf6 2. g3 g6 3. Bg2 d6 4.
O-O c5 5. d4 cxd4 6. Qxd4 Bg7 7.
c4 O-O 8. Nc3 Nc6 9. Qh4 Be6 10.
b3 Rc8 11. Bb2 Bf5 12. Rad1 a6 13. Nd5 Nxd5 14. Bxg7 Kxg7 15. cxd5 Nb4 16. e4 Bd7 17. a3 Nc2 18. e5 Nxa3 19. e6 fxe6 20. dxe6 Bb5 21.
Rfe1 h6 22. Nd4 Be8 23. Bxb7 Rb8 24. Bxa6 g5 25. Qe4 Bg6 26. Qe3 Qb6 27. Bd3 Bh5 28.
Qe4 Rh8 29. Nf5+ Kf8 30. Rc1 Bg6 31. Qe2 Qa5 32. Qb2 Rg8 33. Ra1 Bxf5 34. Bxf5 Qxf5 35. Rxa3 Rg6 36. Ra7 Kg8 37. b4 Rf8 38. b5 Rxe6 39.
Rxe6 Qxe6 40. b6 Qe1+ 41. Kg2 Qe4+ 42. Kg1 Rc8 43. b7 Qe1+ 44. Kg2 Qe4+ 45. Kf1 Qh1+ 46. Ke2 Qe4+ 47. Kf1 Qc4+ 48. Kg2 Rb8 49. Ra8 Qe4+ 50.
Kg1 Rxa8 51. bxa8=Q+ Qxa8 52. Qc2 Qf8 53. Qe4 Qg7 54.
Qe6+ Qf7 55. Qxh6 Qf6 56. Qh5 Kg7 57. Qe8 Qa1+ 58. Kg2 Qe5 59. Qd7 Kf7 60. h4 gxh4 61. gxh4 Qe4+ 62. Kh3 Qf3+ 63. Kh2 Qxf2+ 64. Kh3 Qf3+ 65.
Kh2 Qf6 66. Kh3 Qe6+ 67. Qxe6+ Kxe6 68. Kg4 Kf6 69. Kf4 d5 70. Ke3 e5 71. h5 Kg5 72.
h6 Kxh6 0-1

[Event "Late-Titled-Tuesday-Blitz-September-19-2023"]
[Site "Chess.com"]
[Date "2023.09.19"]
[Round "5"]
[White "ritanovikova"]
[Black "tgpgoat"]
[Result "0-1"]
[WhiteElo "2148"]
[BlackElo "2509"]
[TimeControl "180+1"]
[EndTime "14:55:27 PDT"]
[Termination "tgpgoat won on time"]

1. d4 Nf6 2. Bf4 d5 3. c3 c5 4. e4 Nxe4 5. Bb5+ Bd7 6. Bxd7+ Qxd7 7. dxc5 Nxc5 8. Nf3 Nc6 9. O-O e6 10. b4 Ne4 11. b5 Nd8 12. a4 Bd6 13. Be3 O-O 14. Qd3 Rc8 15. Rc1 b6 16. Nbd2 Nxd2 17. Nxd2 Nb7 18. Qe2 e5 19. f4 exf4 20. Bd4 Nc5 21.
Qf3 Rfe8 22. Qxd5 Rcd8 23. Nc4 Nb3 24. Nxd6 Nxc1 25. Rxc1 Qxd6 26. Qg5 Qg6 27. Qxf4 Re2 28. Qf3 Rde8 29. Rf1 f6 30. Bf2 Qe4 31. Qh5 Qxa4 32. Qd5+ Kh8 33. Bd4 Qc2 34. h4 Qe4 35. Qxe4 R2xe4 36. h5 Kg8 37. h6 R8e6 38. hxg7 Kxg7 39. Rf3 Kf7 40. Rh3 Kg6 41. Rg3+ Kh5 42. Rh3+ Rh4 43. Rf3 Kg6 44. Rg3+ Kf5 45. Rg7 Rg4 46. Rxa7 Re2 47. Bf2 Rb2 48. Rxh7 Rxb5 49. Rh5+ Rg5 50. Rh7 Rb2 51.
Rb7 b5 52. Rb6 Rg4 53. Kf1 Rf4 54. Rxb5+ Rxb5 55. g3 Rf3 56. Kg2 Rxc3 57. g4+ Kxg4 58. Be1 Rb2+ 59. Bf2 Rcc2 60. Kh1 Rxf2 61. Kg1 Rfc2 0-1

[Event "Late-Titled-Tuesday-Blitz-September-19-2023"]
[Site "Chess.com"]
[Date "2023.09.19"]
[Round "5"]
[White "CraiggoryC"]
[Black "Sacbutt"]
[Result "1-0"]
[WhiteElo "2247"]
[BlackElo "2356"]
[TimeControl "180+1"]
[EndTime "14:55:31 PDT"]
[Termination "CraiggoryC won on time"]

1. e4 e5 2. Nf3 Nc6 3. Bb5 a6 4. Ba4 Nf6 5. O-O Be7 6. d3 b5 7. Bb3 d6 8. Nc3 O-O 9. a4 Rb8 10. axb5 axb5 11. Nd5 Nxd5 12. Bxd5 Nb4 13. Bb3 c5 14. c3 Nc6 15. Bd5 Qc7 16. Bg5 Re8 17. Qb3 Bf8 18. Be3 h6 19. Nd2 Be6 20. f4 Bxd5 21.
Qxd5 Ne7 22. Qb3 exf4 23. Rxf4 Ng6 24. Rf5 Ne5 25. d4 cxd4 26. cxd4 Nc4 27. Rxb5 Rxb5 28.
Qxb5 Rc8 29. Rc1 d5 30. exd5 Qe7 31. Nxc4 Rxc4 32. Qxc4 Qxe3+ 33. Kh1 Bd6 34. Qc8+ Kh7 35. Qf5+ Kg8 36. Rc8+ Bf8 37. h3 Qe1+ 38. Kh2 Qe3 39. Rb8 g6 40. Qc8 Qf4+ 41. Kg1 Qe3+ 42. Kf1 Qf4+ 43.
Ke2 Qe4+ 44. Kf1 Qf4+ 45. Kg1 Qe3+ 46. Kh1 Qe1+ 47. Kh2 Qe7 48. d6 Qxd6+ 49. g3 Kg7 50. Qxf8+ Qxf8 51. Rxf8 Kxf8 52. Kg2 Ke7 53. Kf3 Kd6 54. Ke4 f5+ 55. Kd3 Kd5 56. b4 g5 57.
Ke3 h5 58. h4 f4+ 59. gxf4 gxh4 60. Kf3 Kxd4 61. f5 Ke5 62. b5 Kxf5 63. b6 h3 64. b7 1-0

[Event "Late-Titled-Tuesday-Blitz-September-19-2023"]
[Site "Chess.com"]
[Date "2023.09.19"]
[Round "5"]
[White "kaanadayhamle"]
[Black "Sokoloco"]
[Result "1/2-1/2"]
[WhiteElo "2465"]
[BlackElo "2667"]
[TimeControl "180+1"]
[EndTime "14:55:39 PDT"]
[Termination "Game drawn by repetition"]

1. Nf3 d5 2. g3 Bg4 3. Bg2 Bxf3 4. Bxf3 h5 5. c4 e6 6. cxd5 exd5 7. Qb3 Nf6 8. Qxb7 Nbd7 9. Nc3 Rb8 10. Qc6 Rb6 11. Qa4 c6 12. d4 h4 13. Qc2 Bd6 14. Bg5 hxg3 15. hxg3 Rxh1+ 16. Bxh1 Qb8 17. Rb1 Rb4 18. Qd2 Qb6 19. e3 Qa6 20. Bf3 Nb6 21. Be2 Nc4 22. Bxc4 Rxc4 23. Bxf6 gxf6 24. a3 Qa5 25. Ne4 Qxd2+ 26.
Nxd2 Ra4 27. Kd1 Ra6 28. Kc2 Rb6 29. b4 Kd7 30. Kc3 Rb8 31. Rh1 a5 32. bxa5 Bxa3 33. Nb3 Bb4+ 34. Kc2 Ra8 35. Ra1 Rh8 36. a6 Kc7 37. a7 Kb7 38. a8=Q+ Rxa8 39. Rxa8 Kxa8 40.
Kd3 Kb7 41. Nc1 Kc7 42. f3 Be1 43. Ne2 f5 44. g4 fxg4 45. fxg4 Kd6 46. Nf4 Bg3 47. Nh5 Bh4 48. Nf4 Bg5 49. Nh3 Bh6 50. e4 f6 51. exd5 cxd5 52. Nf2 Bf4 53. Nd1 Ke6 54.
Nc3 Bd6 55. Ne2 Kf7 56. Nc3 Ke6 57. Ne2 Bc7 58. Ke3 Kf7 59. Nc3 Ke6 60. Nd1 Ba5 61.
Nf2 Kf7 62. Nd3 Bc7 63. Nb4 Ke6 64. Kf3 Bd6 65. Nd3 Kf7 66. Nf4 Bxf4 67. Kxf4 Kg6 68.
Kf3 Kg5 69. Kg3 Kh6 70. Kf4 Kg6 71. Kf3 Kg5 72. Kg3 f5 73. gxf5 Kxf5 74. Kf3 Kg5 75. Kg3 Kf5 76. Kf3 Kg5 77. Kg3 Kf5 1/2-1/2

[Event "Late-Titled-Tuesday-Blitz-September-19-2023"]
[Site "Chess.com"]
[Date "2023.09.19"]
[Round "5"]
[White "GoltsevDmitry2000"]
[Black "leoduarte"]
[Result "1-0"]
[WhiteElo "2658"]
[BlackElo "2491"]
[TimeControl "180+1"]
[EndTime "14:55:39 PDT"]
[Termination "GoltsevDmitry2000 won by checkmate"]

1. e4 e5 2. Nf3 Nc6 3. Bb5 a6 4. Ba4 Nf6 5. O-O b5 6. Bb3 Bc5 7. c3 d6 8. d4 Bb6 9. h3 O-O 10. Bg5 h6 11. Bh4 Re8 12. Re1 Bb7 13. d5 Nb8 14. Nbd2 Nbd7 15. Nf1 Nf8 16. Bc2 Ng6 17. Bg3 Nh5 18. Bh2 Nhf4 19. Ne3 c6 20. dxc6 Bxc6 21. Nf5 Bc7 22. Bb3 Qd7 23. Qc2 a5 24. a3 Rad8 25. Rad1 Qc8 26. c4 b4 27.
axb4 axb4 28. Ne3 Bb6 29. Nf5 Bc5 30. Ra1 Qb7 31. Nd2 Ne6 32. Nf1 Ngf4 33. Ba4 Nd4 34. Nxd4 Bxd4 35. Bxc6 Qxc6 36. Ne3 Bxe3 37. Rxe3 Ne6 38.
b3 Nd4 39. Qd3 Ra8 40. Rb1 Ra2 41. f4 Qc5 42. fxe5 dxe5 43. Kh1 Rd8 44. Qf1 Rd7 45. Rd3 f6 46. Rbd1 Rb2 47. Qe1 Ra2 48. Qg3 Qc6 49.
Qg4 Raa7 50. Bg1 Ra3 51. Bxd4 exd4 52. Rxd4 Rxd4 53. Rxd4 Qc7 54. Qe6+ Kh7 55. Qf5+ Kg8 56. Rd1 Ra2 57. c5 Rc2 58. Qe6+ Kh7 59. e5 Qxc5 60. Qf5+ Kg8 61. Rd8+ Kf7 62. e6+ Ke7 63. Rd7+ Kf8 64. e7+ Ke8 65. Rd8+ Kxe7 66. Qd7# 1-0